 Seeded DCSS version 0.27-a0-1434-g6f15984924 (webtiles) character file.

Game seed: 20210703 (custom seed)

2 muata the Sneak (level 1, 14/16 HPs)
             Began as a Human Brigand on July 3, 2021.
             Quit the game on level 1 of the Dungeon on July 5, 2021.
             The game lasted 00:01:20 (116 turns).

muata the Sneak (Human Brigand)                      Turns: 116, Time: 00:01:21

Health: 14/16      AC:  3    Str: 11    XL:     1   Next: 33%
Magic:  1/1        EV: 11    Int: 11    God:
Gold:   40         SH:  0    Dex: 14    Spells: 0/0 levels left

rFire    . . .     SeeInvis .   a - +2 dagger
rCold    . . .     Faith    .   (no shield)
rNeg     . . .     Spirit   .   b - +0 robe
rPois    .         Reflect  .   (no helmet)
rElec    .         Harm     .   c - +0 cloak
rCorr    .         Rampage  .   (no gloves)
Will     .....                  (no boots)
Stlth    +++.......             (no amulet)
HPRegen  0.05/turn              (no ring)
MPRegen  0.07/turn              (no ring)

@: no status effects
A: no striking features
a: no special abilities


You were on level 1 of the Dungeon.
You visited 1 branch of the dungeon, and saw 1 of its levels.

You collected 40 gold pieces.

Inventory:

Hand Weapons
 a - a +2 dagger (weapon)
Missiles
 d - 8 poisoned darts (quivered)
 e - 2 curare-tipped darts
Armour
 b - a +0 robe (worn)
 c - a +0 cloak (worn)
Scrolls
 f - 2 scrolls of summoning {unknown}
 g - a scroll of teleportation {unknown}
 i - a scroll of silence {unknown}
Potions
 h - a potion of mutation {unknown}


   Skills:
 - Level 2.0 Fighting
 + Level 2.1 Short Blades
 - Level 2.0 Throwing
 - Level 1.0 Dodging
 + Level 4.0 Stealth


You couldn't memorise any spells.
You didn't know any spells.
Your spell library was empty.

Dungeon Overview and Level Annotations

Branches:
Dungeon (1/15)

Altars:


Message History

There is an open gate here.
You now have 22 gold pieces (gained 4).
You now have 28 gold pieces (gained 6).
You now have 40 gold pieces (gained 12).
h - a smoky pink potion
i - a scroll labelled SIZYMO JAB SATZ
Found a stone staircase leading down.
A goblin comes into view. It is wielding a +0 club.
A goblin is nearby!
A ball python comes into view.
The helpless ball python fails to defend itself.
You impale the ball python!!
You kill the ball python!
The goblin shouts!
You hit the goblin.
The goblin is moderately wounded.
The goblin barely misses you.
You miss the goblin.
The goblin is moderately wounded.
The goblin closely misses you.
You closely miss the goblin.
The goblin is moderately wounded.
The goblin hits you with a +0 club.
You barely miss the goblin.
The goblin is moderately wounded.
The goblin hits you but does no damage.
You hit the goblin.
You kill the goblin!
Welcome back, muata the Human Brigand.
Game seed: 20210703 (custom seed) Press ? for a list of commands and other information.
Unknown command.
Unknown command.
Number of times to repeat, then command key: 6 You can't repeat informational commands.
Unknown command.
Okay, then.
Okay, then.
Okay, then.
Are you sure you want to abandon this character and quit the game? (Confirm with "yes".)

######.... ##...
#......... ....
#.####.... #... #.
#.... #... #.# #....
#... ######.# ###.#
... ..>.##.######.#
#.#####...........#
.#.@...)..##.#####.#
#....................
#####################


There were no monsters in sight!

Vanquished Creatures
  A ball python (D:1)
  A goblin (D:1)
2 creatures vanquished.

Notes
Turn   | Place    | Note
-------+----------+-------------------------------------------
     0 | D:1      | muata the Human Brigand began the quest for the Orb.
     0 | D:1      | Reached XP level 1. HP: 16/16 MP: 1/1
   116 | D:1      | Quit the game

Illustrated notes

Levels and vault maps discovered:
D:1:      kennysheep_arrival_forest, layout_loops_ring

Action                   || total
-------------------------++-------
Melee: Dagger            ||     6
 Stab: Sleeping          ||     1
Armor: Robe              ||     1
Dodge: Dodged            ||     2

Table legend: (Time is in decaauts)
 A = Elapsed time spent in this place.
 B = Non-inter-level travel time spent in this place.
 C = Inter-level travel time spent in this place.
 D = Time resting spent in this place.
 E = Time spent auto-exploring this place.
 F = Levels seen in this place.
 G = Mean time per level.
                   A        B        C        D        E       F      G
               +--------+--------+--------+--------+--------+-----+--------+
         Total |    115 |    115 |      0 |      0 |     78 |   1 |  115.0 |
       Dungeon |    115 |    115 |      0 |      0 |     78 |   1 |  115.0 |
               +--------+--------+--------+--------+--------+-----+--------+

Top non-repeatable levels by time:
     D:1: 115 daAuts
